 Dungeon Crawl Stone Soup version 0.29-a0-598-gd8304a5bf4 (webtiles) character file.

Game seed: 11910750423006477415

16836 croobank the Covert (level 12, -2/97 HPs)
             Began as a Gnoll Delver on June 15, 2022.
             Was an Initiate of Gozag.
             Slain by a six-headed hydra (8 damage)
             ... on level 1 of the Lair of Beasts on June 16, 2022.
             The game lasted 01:46:55 (18635 turns).

croobank the Covert (Gnoll Delver)                 Turns: 18635, Time: 01:47:01

Health: -2/97      AC: 14    Str: 17    XL:     12   Next: 41%
Magic:  18/22      EV: 15    Int: 17    God:    Gozag
Gold:   1004       SH:  5    Dex: 14    Spells: 10/25 levels left

rFire   + + +      SeeInvis .   q - -1 demon whip (venom)
rCold   + + .      Faith    .   (no shield)
rNeg    + . .      Spirit   .   U - +1 leather armour of Nomint {rN+}
rPois   .          Reflect  +   b - +2 helmet
rElec   +          Harm     .   P - scarf {rC+ rF+}
rCorr   .          Rampage  .   e - +2 pair of gloves of Unambiguity {rF++ Int+4}
Will    .....                   r - +0 pair of boots {Stlth+}
Stlth   ++++++....              C - amulet of reflection
HPRegen 0.26/turn               H - ring of protection from cold
MPRegen 0.18/turn               Y - +6 ring of strength

@: very slightly contaminated
A: fangs 1, strong nose, distributed training, iridescent scales 1, dopey 1,
electricity resistance
a: Renounce Religion, Potion Petition, Call Merchant, Bribe Branch


You were on level 1 of the Lair of Beasts.
You worshipped Gozag.
Gozag was most pleased with you.
You visited 3 branches of the dungeon, and saw 13 of its levels.

You collected 2389 gold pieces.
You spent 1265 gold pieces at shops.
You paid 120 gold pieces to Gozag.

Inventory:

Hand Weapons
 a - a +1 flail of holy wrath
 k - a +0 broad axe
 l - a +2 dagger of protection
 q - a -1 demon whip of venom (weapon)
 u - a +4 whip
 z - a +0 war axe
 B - a +1 double sword of protection
 M - a +0 lajatang
 Q - a +2 vorpal hand axe
 R - a +3 dagger of speed
 S - a +1 dagger of venom
 W - a +6 dagger of chaos
 X - a +4 great sword
Missiles
 f - 16 boomerangs
 j - 430 stones
 n - 2 throwing nets
 N - 20 poisoned darts
Armour
 b - a +2 helmet (worn)
 e - the +2 pair of gloves of Unambiguity (worn) {rF++ Int+4}
   (You bought it in a shop on level 2 of the Dungeon)

   Int:       It affects your intelligence (+4).
   rF:        It greatly protects you from fire.
 m - a +3 ring mail
 r - a +0 pair of boots of stealth (worn)
 t - a +0 kite shield
 y - a scarf of repulsion
 P - a scarf of resistance (worn)
 U - the +1 leather armour of Nomint (worn) {rN+}
   (You bought it in a shop on level 2 of the Dungeon)

   rN:        It protects you from negative energy.
 Z - the +8 chain mail of Hadjma {Rampage rPois rF- Will+++}
   (You found it on level 9 of the Dungeon)

   rF:        It makes you vulnerable to fire.
   rPois:     It protects you from poison.
   Rampage:   It bestows one free step when moving towards enemies.
   Will:      It greatly increases your willpower.
Magical Staves
 V - a staff of fire
Jewellery
 h - a ring of poison resistance
 o - a +6 ring of dexterity
 A - an amulet of the acrobat
 C - an amulet of reflection (around neck)
 H - a ring of protection from cold (left hand)
 O - a ring of flight
 Y - a +6 ring of strength (right hand)
Wands
 i - a wand of quicksilver (4)
 D - a wand of paralysis (4)
 J - a wand of iceblast (1)
 K - a wand of polymorph (7)
 L - a wand of flame (6) (quivered)
Scrolls
 c - 2 scrolls of fog
 g - 2 scrolls of vulnerability {unknown}
 s - 2 scrolls of immolation
 v - a scroll of blinking {unknown}
 w - 5 scrolls of poison
Potions
 d - a potion of flight
 p - a potion of magic
 x - 2 potions of lignification
 E - 2 potions of curing
 F - a potion of mutation
 G - 2 potions of attraction
 I - 2 potions of cancellation
 T - a potion of heal wounds


   Skills:
 + Level 9.9 Fighting
 + Level 7.2 Short Blades
 + Level 7.2 Long Blades
 + Level 8.7 Axes
 + Level 7.2 Maces & Flails
 + Level 7.2 Polearms
 + Level 7.2 Staves
 + Level 7.2 Slings
 + Level 7.2 Bows
 + Level 7.2 Crossbows
 + Level 7.2 Throwing
 + Level 7.2 Armour
 + Level 8.7 Dodging
 + Level 11.9 Stealth
 + Level 7.2 Shields
 + Level 7.2 Unarmed Combat
 + Level 7.2 Spellcasting
 + Level 6.0 Conjurations
 + Level 6.0 Hexes
 + Level 6.0 Summonings
 + Level 6.0 Necromancy
 + Level 6.0 Translocations
 + Level 6.0 Transmutations
 + Level 6.0 Fire Magic
 + Level 6.0 Ice Magic
 + Level 6.0 Air Magic
 + Level 6.0 Earth Magic
 + Level 6.0 Poison Magic
 + Level 8.0 Invocations
 + Level 7.2 Evocations


You had 10 spell levels left.
You knew the following spells:

 Your Spells              Type           Power      Damage    Failure   Level
a - Mephitic Cloud        Conj/Pois/Air  26%        N/A       3%          3
b - Ignite Poison         Fire/Tmut/Pois 26%        N/A       3%          3
c - Iskenderun's Mystic   Conj/Tloc      26%        2d7       11%         4
d - Borgnjor's Vile Clut  Necr/Erth      13%        N/A       30%         5

Your spell library contained the following spells:

 Spells                   Type           Power      Damage    Failure   Level
 Freeze                   Ice            100%       1d11      1%          1
 Static Discharge         Conj/Air       26%        N/A       1%          2
 Confusing Touch          Hex            26%        N/A       3%          3
 Dazzling Flash           Conj/Hex       52%        N/A       3%          3
 Frozen Ramparts          Ice            52%        1d7       3%          3
 Hailstorm                Conj/Ice       26%        3d7       11%         4
 Alistair's Intoxication  Tmut/Pois      17%        N/A       30%         5
 Freezing Cloud           Conj/Ice/Air   13%        6-21      30%         5
 Lightning Bolt           Conj/Air       13%        1d26      30%         5
 Yara's Violent Unravell  Hex/Tmut       13%        3d7       30%         5
 Eringya's Noxious Bog    Tmut/Pois      13%        N/A       86%         6
 Starburst                Conj/Fire      13%        6d5       86%         6
 Enfeeble                 Hex            13%        N/A       100%        7
 Ozocubu's Refrigeration  Ice            13%        4d7       100%        7
 Maxwell's Capacitive Co  Air            13%        ∞         100%        8
 Simulacrum               Ice/Necr       Unusable   N/A       N/A         6

Dungeon Overview and Level Annotations

Branches:
Dungeon (11/15)            Temple (1/1) D:7            Lair (1/6) D:11
    Orc (0/2) D:10

Altars:
Ashenzari
Cheibriados
Dithmenos
Elyvilon
Fedhas
Gozag
Hepliaklqana
Kikubaaqudgha
Makhleb
Nemelex Xobeh
Okawaru
Qazlal
Ru
Sif Muna
Trog
Uskayaw
Vehumet
Wu Jian
Xom
Yredelemnul
Zin
The Shining One
Beogh

Shops:
D:1 (   D:2 *:::   D:4 =*   D:8 [   D:9 *   D:10 [


Innate Abilities, Weirdness & Mutations

You have very sharp teeth.
Your uncanny sense of smell can sniff out nearby items.
Your experience applies equally to all skills.
You are partially covered in iridescent scales. (AC +2)
You are dopey. (Int -2)
You are resistant to electric shocks. (rElec)


Message History

The six-headed hydra bites you but does no damage.
The six-headed hydra completely misses you.
The six-headed hydra barely misses you.
The six-headed hydra closely misses you.
The six-headed hydra bites you!
You block the six-headed hydra's attack.
You whack the six-headed hydra! Your bite misses the six-headed hydra.
The six-headed hydra is almost dead.
The cane toad stings you! The six-headed hydra bites you!
The six-headed hydra bites you. The six-headed hydra bites you!
The six-headed hydra misses you. The six-headed hydra bites you.
The six-headed hydra bites you!
* * * LOW HITPOINT WARNING * * *
You feel much better. The cane toad misses you.
The six-headed hydra bites you but does no damage.
The six-headed hydra bites you.
The six-headed hydra bites you but does no damage.
The six-headed hydra barely misses you. The six-headed hydra bites you!
* * * LOW HITPOINT WARNING * * *
The six-headed hydra misses you. The cane toad closely misses you.
The cane toad misses you. The cane toad attacks as you move away!
The cane toad stings you but does no damage.
The six-headed hydra attacks as you move away!
The six-headed hydra bites you but does no damage.
The six-headed hydra bites you.
* * * LOW HITPOINT WARNING * * *
The six-headed hydra misses you.
You block the six-headed hydra's attack.
The six-headed hydra closely misses you.
The six-headed hydra bites you.
* * * LOW HITPOINT WARNING * * *
The six-headed hydra attacks as you move away!
The six-headed hydra closely misses you.
The six-headed hydra bites you but does no damage.
The six-headed hydra bites you!
* * * LOW HITPOINT WARNING * * *
The six-headed hydra barely misses you. The six-headed hydra bites you!
You die...
Your body crumbles into a pile of gold.

##.............# ##..#
#...........#.## #..##
##..........#.# ##...#
#............# #...##
#..........#.# ##..#
#............# #..## .
#..........#.### #...# ..
#..........#.P.####..### ..
##.........##..@D.......##..P
..
#......)..###....F........$#
.. ##.......##
#..............# . #......##
#..............# ##....#.#
##########..###.#... ##..####
..P# #... #..# ..## .... #..#
... .... ##..## .... ....


You could see a six-headed hydra (very poisoned) and a cane toad.

Vanquished Creatures
  A hydra (D:11)
  2 two-headed ogres
  Nergalle (D:11)
  Amaemon (D:8)
  A wizard (D:11)
  An orc knight (D:11)
  2 ugly things (D:11)
  A cyclops (D:11)
  A manticore (D:11)
  2 centaur zombies (D:11)
  A cane toad (Lair:1)
  An orange demon (D:8)
  A tengu conjurer (D:11)
  Sigmund (D:3)
  A wyvern (Lair:1)
  A shadow (D:10)
  19 yaks
  A wraith (D:10)
  3 vampire mosquitoes (D:10)
  3 steam dragons
  2 acid dragons
  4 orc warriors
  3 water moccasins
  A black bear (D:11)
  4 ice beasts (D:8)
  A sky beast (D:7)
  A boggart (D:11)
  6 centaurs
  2 wolves
  5 phantoms
  3 bullfrogs
  Blork the orc (D:5)
  A kobold brigand (D:8)
  4 scorpions
  2 necrophages
  5 wights (D:9)
  2 troll zombies (D:10)
  16 killer bees
  4 crimson imps (D:9)
  6 orc priests
  4 jellies
  4 gnoll shamans
  Jessica (D:3)
  Natasha (thrice) (D:3)
  4 iguanas
  11 orc wizards
  3 scorpion zombies (D:4)
  6 ogre zombies (D:10)
  22 gnolls
  7 adders
  A shadow imp (D:6)
  8 white imps
  2 howler monkey simulacra (D:8)
  3 ufetubi
  An adder skeleton (D:4)
  An adder zombie (D:4)
  A worm (D:2)
  3 dart slugs
  59 orcs
  4 ball pythons
  6 endoplasms
  2 giant cockroaches
  16 goblins
  5 hobgoblins
  10 jackals
  17 kobolds
  2 quokkas (D:1)
  5 bats
  4 frilled lizards
  4 goblin zombies (D:10)
  A hobgoblin zombie (D:10)
  2 orc skeletons (D:10)
  18 orc zombies (D:10)
  2 rats
360 creatures vanquished.

Vanquished Creatures (collateral kills)
  A kobold brigand (D:8)
1 creature vanquished.

Vanquished Creatures (others)
  An orc (D:8)
  15 fungi (D:11)
  6 plants (D:11)
  5 withered plants (D:4)
27 creatures vanquished.

Grand Total: 388 creatures vanquished

Notes
Turn   | Place    | Note
-------+----------+-------------------------------------------
     0 | D:5      | Reached skill level 9 in Stealth
     0 | D:5      | croobank the Gnoll Delver began the quest for the Orb.
     0 | D:5      | Reached XP level 1. HP: 23/23 MP: 1/1
    42 | D:4      | Noticed a phantom
   116 | D:3      | Noticed Jessica
   152 | D:3      | Noticed an orc wizard
   336 | D:1      | Reached XP level 2. HP: 25/29 MP: 2/2
   430 | D:1      | Found Amuwobr Xoeq's Weapon Shop.
   715 | D:1      | Reached XP level 3. HP: 35/35 MP: 3/3
  1024 | D:2      | Found a faded altar of an unknown god.
  1077 | D:2      | Found Osizoato's Book Shoppe.
  1210 | D:2      | Found Unasol's Assorted Antiques.
  1237 | D:2      | Bought a scroll labelled YKEZASSOI WUJEAFO for 18 gold
                  | pieces
  1241 | D:2      | Gained mutation: You are partially covered in iridescent
                  | scales. (AC +2) [potion of mutation]
  1241 | D:2      | Gained mutation: You sometimes lose the ability to read
                  | scrolls when taking damage. [potion of mutation]
  1396 | D:2      | Lost mutation: You sometimes lose the ability to read
                  | scrolls when taking damage. [potion of mutation]
  1396 | D:2      | Lost mutation: You are partially covered in iridescent
                  | scales. (AC +2) [potion of mutation]
  1396 | D:2      | Gained mutation: You are weak. (Str -2) [potion of
                  | mutation]
  1396 | D:2      | Gained mutation: Your spells are a little easier to cast,
                  | but a little less powerful. [potion of mutation]
  1397 | D:2      | Lost mutation: You are weak. (Str -2) [potion of mutation]
  1397 | D:2      | Lost mutation: Your spells are a little easier to cast, but
                  | a little less powerful. [potion of mutation]
  1397 | D:2      | Gained mutation: You are dopey. (Int -2) [potion of
                  | mutation]
  1397 | D:2      | Gained mutation: You have hidden genetic potential. [potion
                  | of mutation]
  1444 | D:2      | Found Xuxzoxzuynk's Book Shoppe.
  1478 | D:2      | Reached skill level 1 in Invocations
  1631 | D:2      | Found Tubog's Book Emporium.
  1850 | D:3      | Reached skill level 1 in Short Blades
  1850 | D:3      | Reached skill level 1 in Long Blades
  1850 | D:3      | Reached skill level 1 in Maces & Flails
  1850 | D:3      | Reached skill level 1 in Polearms
  1850 | D:3      | Reached skill level 1 in Staves
  1850 | D:3      | Reached skill level 1 in Slings
  1850 | D:3      | Reached skill level 1 in Bows
  1850 | D:3      | Reached skill level 1 in Crossbows
  1850 | D:3      | Reached skill level 1 in Throwing
  1850 | D:3      | Reached skill level 1 in Armour
  1850 | D:3      | Reached skill level 1 in Shields
  1850 | D:3      | Reached skill level 1 in Unarmed Combat
  1850 | D:3      | Reached skill level 1 in Spellcasting
  1850 | D:3      | Reached skill level 1 in Evocations
  1850 | D:3      | Reached XP level 4. HP: 40/41 MP: 5/5
  1867 | D:3      | Reached skill level 1 in Conjurations
  1867 | D:3      | Reached skill level 1 in Hexes
  1867 | D:3      | Reached skill level 1 in Summonings
  1867 | D:3      | Reached skill level 1 in Necromancy
  1867 | D:3      | Reached skill level 1 in Translocations
  1867 | D:3      | Reached skill level 1 in Transmutations
  1867 | D:3      | Reached skill level 1 in Fire Magic
  1867 | D:3      | Reached skill level 1 in Ice Magic
  1867 | D:3      | Reached skill level 1 in Air Magic
  1867 | D:3      | Reached skill level 1 in Earth Magic
  1867 | D:3      | Reached skill level 1 in Poison Magic
  1874 | D:3      | Gained mutation: You are partially covered in iridescent
                  | scales. (AC +2) [hidden potential]
  2045 | D:3      | Noticed Sigmund
  2050 | D:3      | Killed Sigmund
  2051 | D:3      | Reached XP level 5. HP: 47/47 MP: 5/7
  2051 | D:3      | Reached XP level 6. HP: 53/53 MP: 5/8
  2059 | D:3      | Gained mutation: You are resistant to electric shocks.
                  | (rElec) [hidden potential]
  2059 | D:3      | Lost mutation: You have hidden genetic potential. [hidden
                  | potential expressed]
  2101 | D:3      | Killed Jessica
  2243 | D:3      | Reached skill level 5 in Axes
  2243 | D:3      | Reached skill level 5 in Dodging
  2488 | D:3      | Noticed Natasha
  2497 | D:3      | Killed Natasha
  2674 | D:3      | Reached XP level 7. HP: 35/59 MP: 10/10
  2912 | D:3      | Noticed Natasha
  2922 | D:3      | Killed Natasha
  3217 | D:4      | Found Xunnig's Jewellery Shoppe.
  3253 | D:4      | Found a bloodstained altar of Trog.
  4117 | D:4      | Found a stormy altar of Qazlal.
  4118 | D:4      | Found a hide-covered altar of Uskayaw.
  4403 | D:4      | Found Utiugiri's Mayhem Merchandise.
  4430 | D:4      | Reached skill level 10 in Stealth
  4476 | D:4      | Bought a +0 broad axe for 48 gold pieces
  4497 | D:4      | Reached XP level 8. HP: 64/67 MP: 12/12
  4958 | D:5      | Noticed Blork the orc
  4973 | D:5      | Killed Blork the orc
  6392 | D:6      | Learned a level 3 spell: Mephitic Cloud
  6801 | D:5      | Reached XP level 9. HP: 43/72 MP: 14/14
  7744 | D:7      | Found a staircase to the Ecumenical Temple.
  7971 | Temple   | Entered the Ecumenical Temple
  8076 | Temple   | Became a worshipper of Gozag Ym Sagoz the Greedy
  8705 | D:8      | Reached skill level 5 in Invocations
  9147 | D:8      | Found a burning altar of Makhleb.
  9157 | D:8      | Noticed Amaemon
  9167 | D:8      | Noticed an orange demon
  9179 | D:8      | Killed Amaemon
  9180 | D:8      | Reached skill level 5 in Short Blades
  9180 | D:8      | Reached skill level 5 in Long Blades
  9180 | D:8      | Reached skill level 5 in Maces & Flails
  9180 | D:8      | Reached skill level 5 in Polearms
  9180 | D:8      | Reached skill level 5 in Staves
  9180 | D:8      | Reached skill level 5 in Slings
  9180 | D:8      | Reached skill level 5 in Bows
  9180 | D:8      | Reached skill level 5 in Crossbows
  9180 | D:8      | Reached skill level 5 in Throwing
  9180 | D:8      | Reached skill level 5 in Armour
  9180 | D:8      | Reached skill level 5 in Shields
  9180 | D:8      | Reached skill level 5 in Unarmed Combat
  9180 | D:8      | Reached skill level 5 in Spellcasting
  9180 | D:8      | Reached skill level 5 in Evocations
  9180 | D:8      | Reached XP level 10. HP: 54/81 MP: 9/17
  9180 | D:8      | Killed an orange demon
  9669 | D:9      | Learned a level 3 spell: Ignite Poison
 10105 | D:8      | Reached skill level 11 in Stealth
 11324 | D:3      | Noticed Natasha
 11340 | D:3      | Killed Natasha
 11366 | D:2      | Bought an ichor-stained leather armour for 126 gold pieces
 11366 | D:2      | Identified the +1 leather armour of Nomint {rN+} (You
                  | bought it in a shop on level 2 of the Dungeon)
 11417 | D:2      | Bought Great Wizards, Vol. II for 532 gold pieces
 11535 | D:8      | Learned a level 4 spell: Iskenderun's Mystic Blast
 11541 | D:8      | Found Yvatix's Armour Boutique.
 12185 | D:9      | Found a shimmering altar of Xom.
 12501 | D:9      | Noticed a two-headed ogre
 12513 | D:9      | Killed a two-headed ogre
 12514 | D:9      | Reached XP level 11. HP: 84/87 MP: 1/19
 12694 | D:9      | Identified the +8 chain mail of Hadjma {Rampage rPois rF-
                  | Will+++}
 12763 | D:9      | Reached skill level 5 in Conjurations
 12763 | D:9      | Reached skill level 5 in Hexes
 12763 | D:9      | Reached skill level 5 in Summonings
 12763 | D:9      | Reached skill level 5 in Necromancy
 12763 | D:9      | Reached skill level 5 in Translocations
 12763 | D:9      | Reached skill level 5 in Transmutations
 12763 | D:9      | Reached skill level 5 in Fire Magic
 12763 | D:9      | Reached skill level 5 in Ice Magic
 12763 | D:9      | Reached skill level 5 in Air Magic
 12763 | D:9      | Reached skill level 5 in Earth Magic
 12763 | D:9      | Reached skill level 5 in Poison Magic
 12810 | D:9      | Learned a level 5 spell: Borgnjor's Vile Clutch
 12902 | D:9      | Found Diock's Assorted Antiques.
 13018 | D:2      | Bought a pair of steaming gloves for 171 gold pieces
 13018 | D:2      | Identified the +2 pair of gloves of Unambiguity {rF++
                  | Int+4} (You bought it in a shop on level 2 of the Dungeon)
 13630 | D:9      | Bought a glowing helmet for 232 gold pieces
 13763 | D:10     | Entered Level 10 of the Dungeon
 13770 | D:10     | Found Qusidghont's Armour Emporium.
 13777 | D:10     | Bought a +0 pair of boots of stealth for 138 gold pieces
 14353 | D:11     | Noticed an eight-headed hydra
 14949 | D:10     | Found a staircase to the Orcish Mines.
 16333 | D:11     | Noticed a white ugly thing
 16553 | D:11     | Killed a white ugly thing
 16917 | D:11     | Noticed a manticore
 17044 | D:11     | Killed a 12-headed hydra
 17050 | D:11     | Noticed a two-headed ogre
 17088 | D:11     | Got Sif Muna's Reference Book on Snow
 17316 | D:11     | Found a basalt altar of Yredelemnul.
 17387 | D:11     | Killed a manticore
 17388 | D:11     | Reached XP level 12. HP: 89/96 MP: 5/22
 17409 | D:11     | Killed a two-headed ogre
 17534 | D:11     | Found a staircase to the Lair.
 18118 | D:11     | Noticed Nergalle
 18135 | D:11     | Killed Nergalle
 18364 | Lair:1   | Entered Level 1 of the Lair of Beasts
 18462 | Lair:1   | Identified a scroll of acquirement
 18463 | Lair:1   | Acquired a +1 double sword of protection
 18615 | Lair:1   | Noticed a six-headed hydra
 18635 | Lair:1   | Slain by a six-headed hydra

Illustrated notes

Levels and vault maps discovered:
D:1:      onia_arrival_pyramid, layout_loops_ring, serial_shops,
          nicolae_shop_bloodbath_and_beyond
D:2:      kennysheep_the_goblin_king, layout_loops_ring, serial_shops,
          nicolae_shop_statue_plus, shop, shop, nicolae_shop_stone,
          basic_ecumenical_altar, hex_medium
D:3:      layout_basic, serial_park_tiny_2, hangedman_decor_lopped,
          uniq_natasha, uniq_sigmund, uniq_jessica
D:4:      layout_loops_ring, jmf_multi_god_temple, overflow_temple_1_default,
          serial_undead, serial_undead_b, serial_undead_e, serial_undead_e,
          serial_undead_f, serial_undead_d, serial_undead_b, serial_shops,
          nicolae_diamond_shop, minmay_shop_mayhem
D:5:      layout_basic, uniq_blork_the_orc
D:6:      layout_rooms
D:7:      layout_basic, minmay_temple_entry_statues_fountains
D:8:      layout_basic, mainiacjoe_overflow_tiny_flanked, special_room
          [special_room_orc], serial_shops, kennysheep_little_box, serial_ice,
          serial_ice_f, serial_ice_d, serial_ice_g, serial_ice_o, uniq_amaemon
D:9:      layout_loops_cross, led_xom_imps, serial_glass, glass_columns_b,
          glass_columns_a, glass_columns_a, glass_columns_a, glass_columns_b,
          glass_columns_a, glass_columns_b, glass_columns_a, glass_columns_c,
          glass_columns_a, glass_columns_a, glass_columns_b, glass_columns_a,
          glass_columns_b, minmay_strange_pillars, due_unseen_surprise,
          feat_on_display, unseen_surprise_small, serial_shops,
          nicolae_diamond_shop
D:10:     layout_loops_cross, zombieorc2_lemuel, serial_shops,
          nicolae_shop_hallway_plus, enter_bailey_5
D:11:     minmay_bloctagon_deflated, layout_gridville,
          grunt_lair_entry_orc_guard_hut, lemuel_zombie_altar_yredelemnul,
          uniq_nergalle
Temple:   minmay_temple_bridge_d
Lair:1:   layout_gridlike

Skill      XL: |  1  2  3  4  5  6  7  8  9 10 11 12 |
---------------+-------------------------------------+-----
Stealth        | 10 11 | 11.9
Invocations    | 1 2 3 4 5 6 7 8 |  8.0
Short Blades   | 1 2 3 5 6 7 |  7.2
Long Blades    | 1 2 3 5 6 7 |  7.2
Maces & Flails | 1 2 3 5 6 7 |  7.2
Polearms       | 1 2 3 5 6 7 |  7.2
Staves         | 1 2 3 5 6 7 |  7.2
Slings         | 1 2 3 5 6 7 |  7.2
Bows           | 1 2 3 5 6 7 |  7.2
Crossbows      | 1 2 3 5 6 7 |  7.2
Throwing       | 1 2 3 5 6 7 |  7.2
Armour         | 1 2 3 5 6 7 |  7.2
Shields        | 1 2 3 5 6 7 |  7.2
Unarmed Combat | 1 2 3 5 6 7 |  7.2
Spellcasting   | 1 2 3 5 6 7 |  7.2
Evocations     | 1 2 3 5 6 7 |  7.2
Conjurations   | 1 2 3 4 5 6 |  6.0
Hexes          | 1 2 3 4 5 6 |  6.0
Summonings     | 1 2 3 4 5 6 |  6.0
Necromancy     | 1 2 3 4 5 6 |  6.0
Translocations | 1 2 3 4 5 6 |  6.0
Transmutations | 1 2 3 4 5 6 |  6.0
Fire Magic     | 1 2 3 4 5 6 |  6.0
Ice Magic      | 1 2 3 4 5 6 |  6.0
Air Magic      | 1 2 3 4 5 6 |  6.0
Earth Magic    | 1 2 3 4 5 6 |  6.0
Poison Magic   | 1 2 3 4 5 6 |  6.0
Axes           | 5 6 7 8 |  8.7
Dodging        | 5 6 7 8 |  8.7
Fighting       | 7 8 9 |  9.9

Action                   |  1- 3 |  4- 6 |  7- 9 | 10-12 || total
-------------------------+-------+-------+-------+-------++-------
Melee: Hand axe          |    49 |       |       |    35 ||    84
       Bite              |     6 |     8 |    81 |   108 ||   203
       Whip              |    38 |    90 |   393 |   152 ||   673
       Punch             |     1 |       |    17 |    31 ||    49
       Dagger            |       |     2 |   142 |    36 ||   180
       Broad axe         |       |       |    15 |       ||    15
       Lajatang          |       |       |    47 |    17 ||    64
       Flail             |       |       |     5 |   165 ||   170
       Demon whip        |       |       |       |   285 ||   285
       Falchion          |       |       |       |    51 ||    51
       Double sword      |       |       |       |     8 ||     8
Throw: Throwing net      |       |     1 |       |       ||     1
       Boomerang         |       |       |    20 |       ||    20
 Cast: Mephitic Cloud    |       |       |    13 |    45 ||    58
       Ignite Poison     |       |       |       |    25 ||    25
       Iskenderun's Myst |       |       |       |     7 ||     7
       Borgnjor's Vile C |       |       |       |     3 ||     3
Evoke: Wand              |     1 |       |     2 |    26 ||    29
  Use: Scroll            |     9 |     1 |     7 |    16 ||    33
       Potion            |     7 |     2 |     5 |     2 ||    16
 Stab: Sleeping          |    21 |     3 |    24 |     5 ||    53
       Distracted        |       |       |     2 |     9 ||    11
       Confused          |       |       |     5 |    14 ||    19
       Invisible         |       |       |     3 |       ||     3
Armor: Ring mail         |    39 |    38 |   123 |       ||   200
       Leather armour    |     1 |       |    50 |   209 ||   260
Dodge: Dodged            |    51 |    65 |   333 |   492 ||   941
Block: Other             |       |       |    38 |   174 ||   212
       Reflection        |       |       |     1 |     5 ||     6

Table legend: (Time is in decaauts)
 A = Elapsed time spent in this place.
 B = Non-inter-level travel time spent in this place.
 C = Inter-level travel time spent in this place.
 D = Time resting spent in this place.
 E = Time spent auto-exploring this place.
 F = Levels seen in this place.
 G = Mean time per level.
                   A        B        C        D        E       F      G
               +--------+--------+--------+--------+--------+-----+--------+
         Total |  18482 |  17594 |    888 |   5394 |   7279 |  13 | 1421.7 |
       Dungeon |  18041 |  17231 |    810 |   5394 |   7034 |  11 | 1640.1 |
        Temple |    173 |     96 |     77 |      0 |     85 |   1 |  173.0 |
          Lair |    268 |    268 |      0 |      0 |    160 |   1 |  268.0 |
               +--------+--------+--------+--------+--------+-----+--------+

Top non-repeatable levels by time:
     D:8: 2915 daAuts
    D:11: 2345 daAuts
    D:10: 2200 daAuts
     D:3: 2192 daAuts
     D:5: 1946 daAuts
     D:9: 1861 daAuts
     D:4: 1111 daAuts
     D:2: 1057 daAuts
     D:6: 978 daAuts
     D:1: 720 daAuts
     D:7: 710 daAuts
  Lair:1: 268 daAuts
  Temple: 173 daAuts
